 Dungeon Crawl Stone Soup version 0.31-a0-833-gc15d34cb79 (webtiles) character file.

Game seed: 8490344599400884050

5277 Maratek the Thaumaturge (level 10, 0/52 HPs)
             Began as a Deep Elf Fire Elementalist on Sept 22, 2023.
             Was a Believer of Vehumet.
             Slain by a wyvern (15 damage)
             ... on level 9 of the Dungeon on Sept 25, 2023.
             The game lasted 00:33:54 (12131 turns).

Maratek the Thaumaturge (DEFE)                     Turns: 12131, Time: 00:33:55

Health: 0/52       AC:  5    Str:  5    XL:     10   Next: 36%
Magic:  24/28      EV: 19    Int: 25    God:    Vehumet [**....]
Gold:   277        SH:  0    Dex: 15    Spells: 22/33 levels left

rFire   . . .        k - +2 trident (vamp)
rCold   . . .        h - orb {*channel}
rNeg    . . .        a - +0 robe
rPois   .            (no helmet)
rElec   .            (no cloak)
rCorr   .            d - +2 pair of gloves
SInv    .            (no boots)
Will    +....        (no amulet)
Stlth   +++          l - ring of wizardry
HPRegen 0.28/turn    f - +5 ring of evasion
MPRegen 0.21/turn

%: wizardry (x1), channel magic (20%)
@: no status effects
A: no striking features
a: Renounce Religion


You were on level 9 of the Dungeon.
You worshipped Vehumet.
Vehumet was pleased with you.
You visited 1 branch of the dungeon, and saw 9 of its levels.

You collected 417 gold pieces.
You spent 140 gold pieces at shops.

Inventory:

Hand Weapons
 k - a +2 vampiric trident (weapon)
Missiles
 p - a throwing net
Armour
 a - a +0 robe (worn)
 d - a +2 pair of gloves (worn)
 h - an orb of energy (worn)
 t - an orb of mayhem
Jewellery
 f - a +5 ring of evasion (right hand)
 l - a ring of wizardry (left hand)
 q - a ring of positive energy
Wands
 v - a wand of paralysis (8)
Scrolls
 j - 2 scrolls of teleportation
 w - a scroll of poison
Potions
 b - a potion of magic
 c - 2 potions of mutation
 e - a potion of cancellation
 g - a potion of curing {unknown}
 i - 6 potions of heal wounds {unknown}
 m - a potion of invisibility {unknown}
 n - 3 potions of lignification
 o - 3 potions of haste {unknown}
 r - a potion of attraction {unknown}
 x - a potion of brilliance {unknown}


   Skills:
 + Level 1.2 Fighting
 + Level 0.1 Polearms
 + Level 0.1 Armour
 + Level 5.3 Dodging
 + Level 5.1 Stealth
 + Level 12.1 Spellcasting
 + Level 8.5 Conjurations
 + Level 0.4 Hexes
 + Level 0.5 Summonings
 + Level 9.2 Fire Magic
 + Level 1.2 Air Magic
 + Level 0.1 Evocations


You had 22 spell levels left.
You knew the following spells:

 Your Spells              Type           Power      Damage    Failure   Level
a - Foxfire               Conj/Fire      100%       2x1d9     1%          1
b - Shock                 Conj/Air       100%       1d9       1%          1
c - Flame Wave            Conj/Fire      56%        2d13      2%          4
d - Poisonous Vapours     Pois/Air       36%        N/A       6%          2
e - Summon Guardian Gole  Hex/Summ       17%        N/A       10%         3

Your spell library contained the following spells:

 Spells                   Type           Power      Damage    Failure   Level
 Scorch                   Fire           100%       2d9       1%          2
 Inner Flame              Hex/Fire       39%        N/A       2%          3
 Volatile Blastmotes      Fire/Tloc      76%        2d16      3%          3
 Summon Small Mammal      Summ           68%        N/A       4%          1
 Sublimation of Blood     Necr           15%        N/A       7%          2
 Call Canine Familiar     Summ           17%        N/A       10%         3
 Ozocubu's Armour         Ice            15%        N/A       12%         3
 Irradiate                Conj/Tmut      18%        3d17      16%         5
 Animate Dead             Necr           15%        N/A       28%         4
 Olgreb's Toxic Radiance  Pois           15%        N/A       28%         4
 Petrify                  Tmut/Erth      15%        N/A       28%         4
 Metabolic Englaciation   Hex/Ice        8%         N/A       54%         5
 Orb of Destruction       Conj           27%        9d9       54%         7
 Borgnjor's Vile Clutch   Necr/Erth      7%         N/A       56%         5
 Spellforged Servitor     Conj/Summ      18%        N/A       95%         7
 Death Channel            Necr           7%         N/A       96%         6
 Simulacrum               Ice/Necr       7%         N/A       96%         6
 Ignition                 Fire           28%        3d9       96%         8
 Discord                  Hex            8%         N/A       100%        8


Dungeon Overview and Level Annotations

Branches:
Dungeon (9/15)             Temple (0/1) D:5            Lair (0/5) D:8
    Orc: D:9-12

Altars:
Ashenzari
Fedhas
Hepliaklqana
Kikubaaqudgha
Ru
Vehumet
Zin
The Shining One

Shops:
D:3 (   D:4 *   D:5 *

Annotations:
D:9 2 runed translucent doors


Message History

The two-headed ogre is severely wounded.
You conjure some foxfire!
The foxfire hits the two-headed ogre.
The two-headed ogre is severely wounded.
The foxfire hits the two-headed ogre.
The two-headed ogre is severely wounded.
You conjure some foxfire!
The foxfire hits the two-headed ogre but does no damage.
The two-headed ogre is severely wounded.
The foxfire hits the two-headed ogre.
The two-headed ogre is severely wounded.
A kobold comes into view. It is wielding a +0 short sword.
An orc wizard comes into view.
It is wielding a +2 dagger of holy wrath.
The two-headed ogre closely misses you.
The two-headed ogre hits you with a +0 giant club!
The foxfire hits the wyvern but does no damage.
The foxfire hits the wyvern.
The wyvern is moderately wounded.
The wyvern bites you!
The kobold brigand throws a poisoned dart.
The poisoned dart hits you!
You are poisoned.
You feel sick. The wyvern attacks as it pursues you!
The wyvern barely misses you.
You feel sick. The wyvern attacks as it pursues you!
The wyvern closely misses you.
The howler monkey hoots and howls with incredible vigour!
The wyvern barely misses you.
You hear a shout! x3
You feel sick. The wyvern attacks as it pursues you! The wyvern bites you!
A centaur comes into view.
You feel sick. The wyvern misses you.
You feel sick. The wyvern attacks as it pursues you! The wyvern misses you.
You feel sick.
The wyvern bites you but does no damage.
You feel sick.
You feel sick.
You are no longer poisoned.
The wyvern attacks as it pursues you! The wyvern barely misses you.
The wyvern bites you!
You die...

.............##
................
................
)..............#
).............#
..)...........#####
.K...........h....#####
........o.KK..Ol@.....#
..........c####...#####
....))....## #####
......)..## ######
.......### ##....#
....### ##...### ###
##...## ########
####..h##
.......#####†gg..g#


You could see a two-headed ogre, a wyvern, a kobold brigand, a centaur, a howler
monkey and a kobold.

Vanquished Creatures
  An elephant (D:8)
  Jeremiah (D:7)
  A hornet (D:8)
  3 yaks
  A basilisk (D:8)
  2 steam dragons (D:7)
  Menkaure (D:7)
  3 water moccasins
  An orc warrior (D:6)
  A sky beast (D:7)
  3 ice beasts
  2 black bears
  3 ogres
  3 centaurs
  A phantom (D:6)
  2 bullfrogs (D:8)
  2 gnoll sergeants
  3 scorpions
  6 killer bees
  An electric eel (D:7)
  5 howler monkeys
  2 hounds
  5 jellies
  3 orc priests
  A gnoll bouda (D:7)
  3 iguanas
  A sleepcap (D:5)
  An orc wizard (D:6)
  A mummy (D:5)
  12 gnolls
  5 adders
  A shadow imp (D:7)
  2 white imps
  4 dart slugs
  13 orcs
  6 endoplasms
  3 giant cockroaches
  4 hobgoblins
  2 jackals (D:1)
  9 kobolds
  2 quokkas
  5 ball pythons
  7 bats
  10 goblins
  A goblin zombie (D:5)
  An orc zombie (D:5)
  8 rats
158 creatures vanquished.

Vanquished Creatures (collateral kills)
  An orc wizard (D:6)
  3 foxfires (D:8)
4 creatures vanquished.

Vanquished Creatures (others)
  A gargoyle (D:8)
  An ufetubus (D:5)
  1154 foxfires
1156 creatures vanquished.

Grand Total: 1318 creatures vanquished

Notes
Turn   | Place    | Note
-------+----------+-------------------------------------------
     0 | D:1      | Maratek the Deep Elf Fire Elementalist began the quest for
                  | the Orb.
     0 | D:1      | Reached XP level 1. HP: 10/10 MP: 6/6
   334 | D:1      | Reached XP level 2. HP: 15/15 MP: 4/8
  1446 | D:2      | Reached XP level 3. HP: 19/19 MP: 5/10
  2063 | D:2      | Reached skill level 4 in Spellcasting
  2063 | D:2      | Reached XP level 4. HP: 24/24 MP: 3/12
  2337 | D:2      | Found a radiant altar of Vehumet.
  2366 | D:2      | Became a worshipper of Vehumet
  2765 | D:3      | Found a radiant altar of Vehumet.
  2765 | D:3      | Found a blossoming altar of Fedhas.
  2771 | D:3      | Found a broken altar of Ashenzari.
  2797 | D:3      | Found a sacrificial altar of Ru.
  2799 | D:3      | Found a glowing silver altar of Zin.
  2895 | D:3      | Found Alif's Antique Weapon Emporium.
  3776 | D:4      | Found Tobb's Gadget Gallery.
  3812 | D:5      | Entered Level 5 of the Dungeon
  3907 | D:5      | Reached XP level 5. HP: 22/28 MP: 6/13
  3958 | D:5      | Noticed a water moccasin
  3965 | D:5      | Killed a water moccasin
  3966 | D:5      | Reached skill level 5 in Spellcasting
  4031 | D:5      | Reached skill level 5 in Fire Magic
  4031 | D:5      | Reached XP level 6. HP: 32/32 MP: 9/16
  4292 | D:5      | Noticed an ice beast
  4299 | D:5      | Reached skill level 6 in Spellcasting
  4303 | D:5      | Killed an ice beast
  4304 | D:5      | Reached XP level 7. HP: 36/36 MP: 4/18
  4307 | D:5      | Reached * piety under Vehumet
  4307 | D:5      | Offered knowledge of Shock by Vehumet.
  4311 | D:5      | Learned a level 1 spell: Shock
  4590 | D:5      | Reached skill level 7 in Spellcasting
  4737 | D:5      | Found Sucwohis's Assorted Antiques.
  4767 | D:5      | Bought a twisted wooden ring for 140 gold pieces
  4941 | D:5      | Found a staircase to the Ecumenical Temple.
  5049 | D:6      | Reached skill level 5 in Conjurations
  5140 | D:6      | Identified the +0 leather armour of Dim Light {rPois rN+
                  | Slay-4}
  5200 | D:6      | Reached XP level 8. HP: 17/41 MP: 12/21
  5341 | D:6      | Reached skill level 8 in Spellcasting
  5714 | D:6      | Learned a level 4 spell: Flame Wave
  6284 | D:7      | Reached skill level 9 in Spellcasting
  6359 | D:7      | Reached skill level 1 in Air Magic
  6595 | D:7      | Noticed Jeremiah
  6595 | D:7      | Noticed Menkaure
  6748 | D:7      | Killed Menkaure
  6749 | D:7      | Reached XP level 9. HP: 46/46 MP: 20/24
  7077 | D:7      | Reached ** piety under Vehumet
  8169 | D:7      | Killed Jeremiah
  8170 | D:7      | Reached skill level 5 in Dodging
  8170 | D:7      | Reached skill level 10 in Spellcasting
  8274 | D:7      | You fall into a shaft and drop 1 floor!
  8308 | D:8      | Offered knowledge of Poisonous Vapours by Vehumet.
  8662 | D:7      | Reached skill level 1 in Fighting
  9534 | D:8      | Reached skill level 11 in Spellcasting
  9539 | D:8      | Paralysed by a hornet for 1 turns
  9542 | D:8      | HP: 1/47 [hornet (13)]
 10346 | D:8      | Found a staircase to the Lair.
 10358 | D:8      | Reached skill level 5 in Stealth
 10446 | D:8      | Reached XP level 10. HP: 29/52 MP: 22/27
 10628 | D:8      | Learned a level 2 spell: Poisonous Vapours
 10651 | D:8      | Noticed an elephant
 10659 | D:8      | Learned a level 3 spell: Summon Guardian Golem
 10678 | D:8      | Killed an elephant
 10828 | D:8      | Noticed a gargoyle
 10837 | D:8      | Killed a gargoyle
 11670 | D:9      | Found a large runed translucent door.
 11670 | D:9      | Found a large runed translucent door.
 11698 | D:9      | Noticed a two-headed ogre
 11746 | D:9      | Found an ancient bone altar of Kikubaaqudgha.
 11746 | D:9      | Found a hazy altar of Hepliaklqana.
 11746 | D:9      | Found a glowing golden altar of the Shining One.
 11806 | D:9      | Upgraded the game from 0.31-a0-816-gd61d57ddb1 to
                  | 0.31-a0-833-gc15d34cb79
 11848 | D:9      | Reached skill level 12 in Spellcasting
 12115 | D:9      | Noticed a two-headed ogre
 12131 | D:9      | Slain by a wyvern

Illustrated notes

Levels and vault maps discovered:
D:1:      roderic_octagonal_star, layout_basic
D:2:      layout_loops_cross, basic_altar
D:3:      layout_basic, chequers_temple_overflow_minitemple, serial_shops,
          nicolae_shop_statue_plus
D:4:      layout_cave_pools, ebering_ghost_rock_garden, chequers_garden,
          nicolae_shop_gadgets, uniq_eustachio
D:5:      layout_rooms, minmay_temple_entry_enclosed_plants,
          nicolae_ossuary_entry_giza, serial_shops, shop
D:6:      layout_loops_ring
D:7:      layout_rooms, abandoned_shop, grunt_decor_one_mirror,
          serial_bayou_ford_a, dk_vineyard_3, uniq_jeremiah, uniq_menkaure
D:8:      layout_gridville, david_lair_generic
D:9:      okawaru_arena_lexackson, layout_layer_cave,
          gammafunk_temple_overflow_claw

Skill      XL: |  1  2  3  4  5  6  7  8  9 10 |
---------------+-------------------------------+-----
Fire Magic     | 4 5 6 7 8 9 |  9.2
Conjurations   | 2 3 4 5 6 8 |  8.5
Spellcasting   | 4 5 6 7 9 11 12 | 12.1
Dodging        | 3 4 5 |  5.3
Stealth        | 3 4 5 |  5.1
Air Magic      | 1 |  1.2
Fighting       | 1 |  1.2
Polearms       | |  0.1
Armour         | |  0.1
Hexes          | |  0.4
Summonings     | |  0.5
Evocations     | |  0.1

Action                     |  1- 3 |  4- 6 |  7- 9 | 10-12 || total
---------------------------+-------+-------+-------+-------++-------
  Melee: Trident           |       |       |     5 |       ||     5
   Cast: Foxfire           |   125 |   145 |   368 |   105 ||   743
         Shock             |       |       |    44 |       ||    44
         Flame Wave        |       |       |     1 |       ||     1
         Summon Guardian G |       |       |       |     5 ||     5
  Evoke: Wand              |       |       |     1 |       ||     1
    Use: Scroll            |       |    10 |     2 |     4 ||    16
         Potion            |       |       |     1 |       ||     1
 Armour: Robe              |     6 |    13 |    92 |    17 ||   128
  Dodge: Dodged            |    10 |    19 |   148 |    30 ||   207

Table legend: (Time is in decaauts)
 A = Elapsed time spent in this place.
 B = Non-inter-level travel time spent in this place.
 C = Inter-level travel time spent in this place.
 D = Time resting spent in this place.
 E = Time spent auto-exploring this place.
 F = Levels seen in this place.
 G = Mean time per level.
                   A        B        C        D        E       F      G
               +--------+--------+--------+--------+--------+-----+--------+
         Total |  12140 |  11842 |    298 |   3648 |   6124 |   9 | 1348.9 |
       Dungeon |  12140 |  11842 |    298 |   3648 |   6124 |   9 | 1348.9 |
               +--------+--------+--------+--------+--------+-----+--------+

Top non-repeatable levels by time:
     D:6: 2876 daAuts
     D:8: 2274 daAuts
     D:7: 1508 daAuts
     D:1: 1364 daAuts
     D:2: 1277 daAuts
     D:5: 1208 daAuts
     D:3: 1078 daAuts
     D:9: 460 daAuts
     D:4: 90 daAuts
